 Seeded DCSS version 0.29.1-13-g9f3cf754e1 (webtiles) character file.

Game seed: 16245865983455551772 (custom seed)

21769 Trevise the Skirmisher (level 12, -4/174 HPs)
             Began as a Naga Venom Mage on Jan 24, 2023.
             Was a High Priest of Okawaru.
             Slain by a polar bear (6 damage)
             ... in an ice cave.
             The game lasted 00:28:25 (14270 turns).

Trevise the Skirmisher (Naga Venom Mage)           Turns: 14270, Time: 00:28:26

Health: -4/174     AC: 26    Str: 11    XL:     12   Next: 93%
Magic:  0/25       EV:  1    Int: 30    God:    Okawaru [*****.]
Gold:   597        SH:  0    Dex: 19    Spells: 9/15 levels left

rFire   x . .      SeeInvis +   D - +8 longbow "Zephyr" {speed, Dex+3 SInv}
rCold   . . .      Faith    .   (shield currently unavailable)
rNeg    . . .      Spirit   +   (body armour currently unavailable)
rPois   +          Reflect  .   (helmet currently unavailable)
rElec   +          Harm     .   (cloak currently unavailable)
rCorr   .          Rampage  .   (gloves currently unavailable)
Will    +....      NoTele   +   (no barding)
Stlth   +++.......              b - amulet "Oguhin" {Spirit rElec rF- MP+9 Dex+2 SInv}
HPRegen 0.39/turn               I - +6 ring of intelligence
MPRegen 0.19/turn               h - +6 ring of intelligence

@: short of breath, tree-form, frozen, very slow
A: stationary, stasis, torment immunity, boosted hp, AC +4, large, see
invisible, (deformed body), (poison resistance), (slowness 2), spit poison 1,
(naga tail 1)
a: Spit Poison, Renounce Religion, Heroism, Finesse, Duel


You were in an ice cave.
You worshipped Okawaru.
Okawaru was extremely pleased with you.
You were a tree.
You visited 3 branches of the dungeon, and saw 13 of its levels.
You also visited: Ice Cave.

You collected 2586 gold pieces.
You spent 1989 gold pieces at shops.

Inventory:

Hand Weapons
 D - the +8 longbow "Zephyr" (weapon) {speed, Dex+3 SInv}
   (You acquired it on level 1 of the Dungeon)

   Attacks with this weapon are significantly faster.
   Dex:       It affects your dexterity (+3).
   SInv:      It lets you see invisible.
Missiles
 d - 4 datura-tipped darts
 f - 31 poisoned darts
 g - 2 silver javelins
 n - a curare-tipped dart
 s - 83 stones
 C - 6 silver boomerangs
 G - a boomerang
Armour
 a - a +0 troll leather armour
   (You found it on level 10 of the Dungeon)
 o - a scarf of invisibility (melded)
   (You found it on level 7 of the Dungeon)
 w - a +2 hat (melded)
   (You found it on level 7 of the Dungeon)
 y - a +1 pair of gloves (melded)
   (You found it on level 6 of the Dungeon)
 A - the +6 lightning scales (melded) {swift, rElec}
   (You bought it in a shop on level 4 of the Dungeon)

   It allows the wearer to cover ground more swiftly.
   rElec:     It insulates you from electricity.
 Q - a +2 robe of cold resistance (melded)
   (You took it off Fannar on level 10 of the Dungeon)
 S - a +2 cloak of stealth
   (You found it on level 11 of the Dungeon)
 T - a +1 hat
   (You found it in an ice cave)
Magical Staves
 r - a staff of poison {rPois}
   (You found it on level 7 of the Dungeon)
Jewellery
 b - the amulet "Oguhin" (around neck) {Spirit rElec rF- MP+9 Dex+2 SInv}
   (You acquired it on level 1 of the Dungeon)

   [amulet of guardian spirit]

   It causes incoming damage to be divided between your reserves of health and
   magic.
   Dex:       It affects your dexterity (+2).
   rF:        It makes you vulnerable to fire.
   rElec:     It insulates you from electricity.
   MP:        It affects your magic capacity (+9).
   SInv:      It lets you see invisible.
 c - a ring of ice {rC+, rF-}
   (You found it on level 5 of the Dungeon)
 h - a +6 ring of intelligence (right branch)
   (You found it on level 1 of the Dungeon)
 j - a +6 ring of intelligence
   (You took it off an orc on level 8 of the Dungeon)
 p - an amulet of regeneration
   (You found it on level 3 of the Dungeon)
 I - a +6 ring of intelligence (left branch)
   (You found it on level 1 of the Dungeon)
 O - a ring of ice {rC+, rF-}
   (You took it off Fannar on level 10 of the Dungeon)
Wands
 e - a wand of charming (16)
   (You took it off an orc on level 7 of the Dungeon)
 m - a wand of roots (25)
   (You found it on level 3 of the Dungeon)
 q - a wand of flame (60)
   (You found it on level 6 of the Dungeon)
Scrolls
 i - 7 scrolls of identify {@r1}
 l - a scroll of enchant weapon {unknown}
 u - 2 scrolls of poison {unknown}
 F - 5 scrolls of amnesia
 J - a scroll of magic mapping {unknown}
 K - 2 scrolls of immolation {!r}
 Y - 6 scrolls of teleportation {@r3}
Potions
 k - 4 potions of berserk rage {unknown}
 t - 3 potions of attraction {unknown}
 z - 5 potions of curing {unknown}
 B - 5 potions of brilliance
 E - 4 potions of degeneration {unknown}
 H - a potion of cancellation {unknown}
 L - 2 potions of flight
 M - a potion of might
 P - 4 potions of lignification {!q}
Miscellaneous
 v - a lightning rod (4/4)
   (You found it on level 11 of the Dungeon)
 U - a piece from Xom's chessboard (15/15)
   (You found it in an ice cave)


   Skills:
 + Level 9.7 Fighting
 * Level 12.5 Ranged Weapons
 + Level 8.3 Dodging
 - Level 3.0 Stealth
 - Level 2.1 Spellcasting
 - Level 1.2 Transmutations
 - Level 9.8 Poison Magic
 + Level 6.3 Invocations


You had 9 spell levels left.
You knew the following spells:

 Your Spells              Type           Power      Damage    Failure   Level
a - Blink                 Tloc           6%         N/A       12%         2
b - Olgreb's Toxic Radia  Pois           58%        N/A       1%          4

Your spell library contained the following spells:

 Spells                   Type           Power      Damage    Failure   Level
 Sting                    Tmut/Pois      100%       1d8       1%          1
 Poisonous Vapours        Pois/Air       64%        N/A       1%          2
 Spider Form              Tmut/Pois      36%        N/A       2%          3
 Mephitic Cloud           Conj/Pois/Air  22%        N/A       6%          3
 Ensorcelled Hibernation  Hex/Ice        6%         N/A       12%         2
 Confusing Touch          Hex            3%         N/A       24%         3
 Lesser Beckoning         Tloc           3%         N/A       24%         3
 Anguish                  Hex/Necr       1%         N/A       61%         4
 Yara's Violent Unravell  Hex/Tmut       3%         3d4       86%         5
 Manifold Assault         Tloc           3%         N/A       91%         5
 Enfeeble                 Hex            1%         N/A       100%        7
 Chain Lightning          Conj/Air       1%         3d2       100%        9
 Fire Storm               Conj/Fire      1%         8d1       100%        9
 Shatter                  Erth           1%         3d6*      100%        9


Dungeon Overview and Level Annotations

Branches:
Dungeon (11/15)            Temple (1/1) D:5            Lair (1/5) D:8
  IceCv (1/1)
    Orc: D:9-12

Altars:
Ashenzari
Cheibriados
Dithmenos
Elyvilon
Fedhas
Gozag
Hepliaklqana
Kikubaaqudgha
Makhleb
Nemelex Xobeh
Okawaru
Qazlal
Ru
Sif Muna
Trog
Uskayaw
Vehumet
Wu Jian
Xom
Yredelemnul
Zin
The Shining One

Shops:
D:3 [   D:4 *:[   D:7 =


Innate Abilities, Weirdness & Mutations

You are a tree.
Your roots penetrate the ground, keeping you stationary.
You cannot be teleported.
You are immune to unholy pain and torment.
Your maximum health is greatly increased.
Your equipment is partially melded.
((Your serpentine skin is tough. (AC +4)))
You have supernaturally acute eyesight. (SInv)
((Armour fits poorly on your strangely shaped body.))
((Your system is resistant to poisons. (rPois)))
((You cover ground very slowly.))
You can spit poison.
((You have a snake-like lower body.))


Message History

The arrow completely misses the death yak.
The arrow barely misses the ironbound frostheart.
The ironbound frostheart looks even sicker.
The death yak gores you!!
You take 18 damage, and have 39/115 hp.
You now have 3/25 mp.
As you read the scroll of teleportation {@r3}, it crumbles to dust.
You feel strangely unstable.
The ironbound frostheart looks as sick as possible!
Your toxic aura wanes.
The death yak barely misses you.
The ironbound frostheart calls freezing cold from the walls.
The frost grips you!! You partially resist.
* * * LOW HITPOINT WARNING * * *
You are encased in ice.
You take 21 damage, and have 18/115 hp.
You now have 2/25 mp.
You feel much better. The death yak gores you.
You regained 22 hp, and now have 40/115 hp.
Fire: D) +8 longbow "Zephyr" {speed, Dex+3 SInv}
Aim: a death yak (almost dead, extremely poisoned, 86% to hit)
You shoot an arrow.
The arrow hits the death yak but does no damage.
Your surroundings suddenly seem different.
The ironbound frostheart shouts!
The ironbound frostheart calls freezing cold from the walls.
The frost grips you!! You partially resist.
* * * LOW HITPOINT WARNING * * *
You take 24 damage, and have 16/115 hp.
MASSIVE DAMAGE!!
You now have 1/25 mp.
Okay, then.
You feel much better.
The ironbound frostheart calls freezing cold from the walls.
The frost grips you!! You partially resist.
* * * LOW HITPOINT WARNING * * *
You regained 10 hp, and now have 26/115 hp.
As you read the scroll of teleportation {@r3}, it crumbles to dust.
You feel strangely unstable. The ice encasing you melts away.
Really quaff
P - 5 potions of lignification {!q}?
Okay, then.
Really quaff
P - 5 potions of lignification {!q}?
Really quaff the potion of lignification?
You turn into a tree.
Your scarf of invisibility melds into your body.
Your +2 hat melds into your body.
Your +1 pair of gloves melds into your body.
The +6 lightning scales {swift, rElec} melds into your body.
Your +2 robe of cold resistance melds into your body.
You feel rather sluggish.
You feel less resistant to cold.
Your roots penetrate the ground.
You feel strangely stable.
The polar bear bites you but does no damage.
The polar bear claws you but does no damage. x2
The ironbound frostheart touches you but does no damage.
You now have 39/172 hp.
You cannot teleport because you are held in place by your roots.
You are too injured to fight recklessly!
As you read the scroll labelled PEYLUABUKA, it crumbles to dust.
It is a scroll of enchant armour.
Your +1 cloak of stealth glows green for a moment.
The polar bear looks more healthy.
The polar bear bites you but does no damage.
The polar bear claws you but does no damage. x2
The ironbound frostheart calls freezing cold from the walls.
The frost grips you!
* * * LOW HITPOINT WARNING * * *
You are encased in ice.
You take 14 damage, and have 25/172 hp.
You now have 1/25 mp.
Okay, then.
Okay, then.
You don't have enough magic at the moment.
Okay, then.
Magic courses through your body. Okawaru accepts your kill.
You feel a bit more experienced.
The polar bear bites you but does no damage.
The polar bear claws you but does no damage. x2
The polar bear bites you but does no damage.
The polar bear claws you but does no damage. x2
The polar bear completely misses you.
The polar bear claws you but does no damage. x2
The ironbound frostheart touches you!
* * * LOW HITPOINT WARNING * * *
The ironbound frostheart freezes you!!
* * * LOW HITPOINT WARNING * * *
You take 21 damage, and have 4/174 hp.
You regained 2 mp, and now have 3/25 mp.
Okay, then.
Okay, then.
Okay, then.
Aim: an ironbound frostheart, wearing a +0 ring mail (lightly wounded, 69% to hit)
The splash of poison hits the ironbound frostheart!
The ironbound frostheart is poisoned.
The polar bear bites you.
* * * LOW HITPOINT WARNING * * *
The polar bear claws you but does no damage. x2
The polar bear bites you but does no damage.
The polar bear claws you.
The polar bear claws you but does no damage.
The polar bear bites you!
You die...

# ## ### :#. ####..
$.## #.#... ###..#
#####..##§ ##h♣.#
###....#####
#.hhp.###...#....###
##...###..####.....#
##...##..#####.....
###..##...######..
#..###Y....# ##.
###.#p#..[## ##
##Y###### ###### ###
###....#


You could see an ironbound frostheart (poisoned) and 3 polar bears.

Vanquished Creatures
  Fannar (D:10)
  2 two-headed ogres
  A death yak (IceCv)
  A hell knight (D:11)
  Amaemon (D:8)
  An ugly thing (IceCv)
  Maurice (D:8)
  An elephant (shapeshifter) (D:11)
  Joseph (D:8)
  An ice statue (IceCv)
  An orange demon (D:8)
  Psyche (D:8)
  A kobold demonologist (D:11)
  A komodo dragon (D:11)
  An unseen horror (D:11)
  2 rime drakes (IceCv)
  2 ice devils (Lair:1)
  A troll (D:10)
  7 polar bears (IceCv)
  A hornet (D:8)
  Sigmund (D:5)
  2 shadows
  30 yaks
  A human (D:11)
  4 wyverns
  3 hogs (D:11)
  A fire elemental (D:11)
  A steam dragon (D:7)
  A water moccasin (D:6)
  2 ice beasts
  3 orc warriors
  3 black bears
  An ogre (D:4)
  16 wolves (IceCv)
  A phantom (D:6)
  4 centaurs
  5 kobold brigands
  4 bullfrogs
  2 necrophages
  A gnoll sergeant (D:11)
  6 scorpions
  11 wights
  5 killer bees
  4 howler monkeys
  A lava snake (D:11)
  4 orc priests
  A gnoll bouda (D:6)
  4 hounds
  An iron imp (D:4)
  Jessica (D:2)
  3 iguanas
  9 orc wizards
  Natasha (D:3)
  A hound skeleton (D:4)
  11 gnolls
  5 adders
  A white imp (D:5)
  A dart slug (D:5)
  29 orcs
  6 ball pythons
  3 bats
  8 endoplasms
  A giant cockroach (D:4)
  5 goblins
  8 hobgoblins
  31 kobolds
  4 quokkas
  3 frilled lizards
  7 rats
290 creatures vanquished.

Vanquished Creatures (collateral kills)
  A two-headed ogre (D:9)
1 creature vanquished.

Vanquished Creatures (others)
  27 fungi
  28 plants
55 creatures vanquished.

Grand Total: 346 creatures vanquished

Notes
Turn   | Place    | Note
-------+----------+-------------------------------------------
     0 | D:1      | Trevise the Naga Venom Mage began the quest for the Orb.
     0 | D:1      | Reached XP level 1. HP: 15/15 MP: 3/3
   161 | D:1      | Identified 3 scrolls of acquirement
   161 | D:1      | Acquired the +8 longbow "Zephyr" {speed, Dex+3 SInv}
   161 | D:1      | Found the +8 longbow "Zephyr" {speed, Dex+3 SInv}
   167 | D:1      | Acquired the amulet "Oguhin" {Spirit rElec rF- MP+9 Dex+2
                  | SInv}
   174 | D:1      | Acquired 1275 gold pieces
   272 | D:1      | Reached XP level 2. HP: 22/22 MP: 5/5
   330 | D:1      | Found a faded altar of an unknown god.
   614 | D:1      | Reached skill level 1 in Ranged Weapons
  1070 | D:1      | Reached XP level 3. HP: 30/30 MP: 6/6
  1461 | D:2      | Reached skill level 1 in Fighting
  1486 | D:2      | Noticed Jessica
  1488 | D:2      | Killed Jessica
  1489 | D:2      | Reached skill level 2 in Ranged Weapons
  1489 | D:2      | Reached skill level 2 in Dodging
  1489 | D:2      | Reached XP level 4. HP: 38/38 MP: 7/7
  2019 | D:3      | Found Ymmy Ciutu's Antique Armour Shoppe.
  2049 | D:3      | Reached XP level 5. HP: 43/45 MP: 8/8
  2053 | D:3      | Reached skill level 2 in Fighting
  2078 | D:3      | Reached skill level 3 in Ranged Weapons
  2201 | D:3      | Noticed Natasha
  2209 | D:3      | Killed Natasha
  2465 | D:4      | Found Gamycsypi's Antique Armour Boutique.
  2476 | D:4      | Reached XP level 6. HP: 55/55 MP: 9/9
  2514 | D:4      | Found a shadowy altar of Dithmenos.
  2554 | D:4      | HP: 8/55 [ogre/+0 giant club (21)]
  2559 | D:4      | Reached skill level 3 in Dodging
  2621 | D:4      | Found a burning altar of Makhleb.
  2628 | D:4      | Reached skill level 3 in Fighting
  2628 | D:4      | Reached skill level 4 in Ranged Weapons
  2654 | D:4      | Found Tuuwolaw's General Store.
  2693 | D:4      | Reached XP level 7. HP: 62/62 MP: 10/10
  2821 | D:4      | Found Koenoidu's Book Boutique.
  2939 | D:4      | Found a snail-covered altar of Cheibriados.
  3122 | D:4      | Learned a level 4 spell: Olgreb's Toxic Radiance
  3172 | D:5      | Entered Level 5 of the Dungeon
  3178 | D:5      | Noticed Sigmund
  3182 | D:5      | Killed Sigmund
  3480 | D:5      | Found a glowing silver altar of Zin.
  3575 | D:5      | Reached skill level 5 in Ranged Weapons
  3853 | D:5      | Reached skill level 5 in Poison Magic
  3853 | D:5      | Reached XP level 8. HP: 72/72 MP: 11/11
  3998 | D:5      | You fall into a shaft and drop 3 floors!
  4023 | D:7      | Found Dackej's Jewellery Shoppe.
  4157 | D:5      | Reached skill level 4 in Fighting
  4161 | D:5      | Found a staircase to the Ecumenical Temple.
  4170 | Temple   | Entered the Ecumenical Temple
  4781 | D:5      | Reached skill level 4 in Dodging
  5075 | D:6      | Reached skill level 6 in Ranged Weapons
  5075 | D:6      | Acquired 467 gold pieces
  5109 | D:4      | Bought the +6 lightning scales {swift, rElec} for 1742 gold
                  | pieces
  5109 | D:4      | Found the +6 lightning scales {swift, rElec}
  5114 | D:4      | Bought an agate-encrusted chain mail for 247 gold pieces
  5114 | D:4      | Identified the +4 chain mail "Wokewn" {SInv} (You bought it
                  | in a shop on level 4 of the Dungeon)
  5224 | D:6      | Reached skill level 6 in Poison Magic
  6043 | D:7      | Reached XP level 9. HP: 80/80 MP: 12/12
  6102 | D:7      | Reached skill level 5 in Fighting
  6170 | D:7      | Reached skill level 7 in Ranged Weapons
  6180 | D:7      | Reached skill level 7 in Poison Magic
  6424 | D:7      | Found a hazy altar of Hepliaklqana.
  6451 | D:7      | Reached skill level 5 in Dodging
  6946 | D:8      | Noticed Amaemon
  6946 | D:8      | Noticed an orange demon
  6958 | D:8      | HP: 19/82 [poisoned by Amaemon]
  6963 | D:8      | HP: 14/82 [poisoned by Amaemon]
  7262 | D:8      | Killed Amaemon
  7263 | D:8      | Reached skill level 6 in Fighting
  7263 | D:8      | Reached skill level 8 in Ranged Weapons
  7263 | D:8      | Reached skill level 8 in Poison Magic
  7263 | D:8      | Reached XP level 10. HP: 77/91 MP: 13/13
  7265 | D:8      | Killed an orange demon
  7591 | D:8      | Found a staircase to the Lair.
  7626 | D:8      | Noticed Joseph
  7636 | D:8      | Killed Joseph
  7637 | D:8      | Reached skill level 9 in Ranged Weapons
  7637 | D:8      | Reached skill level 6 in Dodging
  7851 | D:8      | Noticed Maurice
  7860 | D:8      | Killed Maurice
  7861 | D:8      | Reached skill level 9 in Poison Magic
  7868 | D:8      | Reached skill level 7 in Fighting
  7933 | D:8      | Learned a level 2 spell: Blink
  8047 | D:8      | Found a stormy altar of Qazlal.
  8082 | D:8      | Noticed Psyche
  8084 | D:8      | Killed Psyche
  8434 | D:9      | Found a sacrificial altar of Ru.
  8547 | D:9      | Found an iron altar of Okawaru.
  8547 | D:9      | Found a shimmering altar of Xom.
  8547 | D:9      | Noticed a two-headed ogre
  8556 | D:9      | Killed a two-headed ogre
  8557 | D:9      | Reached XP level 11. HP: 27/100 MP: 7/14
  8840 | D:9      | Found a broken altar of Ashenzari.
  8846 | D:9      | Became a worshipper of Warmaster Okawaru
  9002 | D:9      | Noticed a two-headed ogre
  9010 | D:9      | HP: 25/100 [two-headed ogre/+0 giant club (22)]
  9011 | D:9      | Killed a two-headed ogre
  9012 | D:9      | Reached skill level 10 in Ranged Weapons
  9012 | D:9      | Reached skill level 1 in Invocations
  9637 | D:10     | Entered Level 10 of the Dungeon
  9734 | D:10     | Reached skill level 2 in Invocations
  9737 | D:10     | Reached * piety under Okawaru
  9894 | D:10     | Noticed Fannar
  9911 | D:10     | HP: 25/103 [Fannar/+0 quarterstaff of freezing (20)]
 10340 | D:10     | Reached skill level 8 in Fighting
 10349 | D:10     | Reached skill level 7 in Dodging
 10666 | D:10     | Killed Fannar
 10666 | D:10     | Reached ** piety under Okawaru
 10667 | D:10     | Reached skill level 3 in Invocations
 11505 | D:11     | Noticed a hell knight
 11517 | D:11     | Killed a hell knight
 11517 | D:11     | Reached *** piety under Okawaru
 11518 | D:11     | Reached skill level 11 in Ranged Weapons
 11816 | D:11     | Reached skill level 4 in Invocations
 11992 | D:11     | Reached XP level 12. HP: 112/112 MP: 15/15
 12033 | D:11     | Noticed a two-headed ogre
 12044 | D:11     | Killed a two-headed ogre
 12636 | D:11     | Reached **** piety under Okawaru
 12864 | Lair:1   | Entered Level 1 of the Lair of Beasts
 12929 | Lair:1   | Found a frozen archway.
 12938 | IceCv    | Entered an ice cave
 13097 | IceCv    | Reached skill level 5 in Invocations
 13101 | IceCv    | Reached skill level 9 in Fighting
 13248 | IceCv    | Reached ***** piety under Okawaru
 13449 | IceCv    | Reached skill level 12 in Ranged Weapons
 13449 | IceCv    | Reached skill level 8 in Dodging
 13764 | IceCv    | Reached skill level 6 in Invocations
 14243 | IceCv    | Noticed a death yak
 14243 | IceCv    | Noticed an ironbound frostheart
 14243 | IceCv    | Noticed an ironbound frostheart
 14243 | IceCv    | Noticed a death yak
 14262 | IceCv    | HP: 18/115 [ironbound frostheart/creeping frost (22)]
 14268 | IceCv    | HP: 25/172 [ironbound frostheart/creeping frost (15)]
 14269 | IceCv    | Killed a death yak
 14269 | IceCv    | HP: 4/172 [ironbound frostheart (14)]
 14270 | IceCv    | Slain by a polar bear

Illustrated notes

Levels and vault maps discovered:
D:1:      minmay_arrival_hallway, layout_loops_corners, basic_ecumenical_altar,
          minmay_unequal
D:2:      layout_loops_ring, uniq_jessica
D:3:      layout_basic, serial_shops, nicolae_shop_advertising_works
          [nicolae_subvault_shop_adworks], minmay_shallow_snake_nest,
          uniq_natasha
D:4:      layout_rooms, grunt_dithmenos_smoke_and_mirrors,
          makhleb_blood_cavern_becter, slow_altar_1, serial_shops,
          nicolae_square_shop, nicolae_shop_temple_entry_statues_fountains,
          kennysheep_mini_moat, chequers_serial_rivers_large_a,
          minmay_fractal_squares_gapless_5
D:5:      layout_layer_cave, mainiacjoe_overflow_cross_hatched,
          lemuel_temple_firewalk_b, uniq_sigmund
D:6:      layout_basic
D:7:      layout_basic, nicolae_hepliaklqana_hazy_memory, serial_shops,
          nicolae_stop_n_shop_2
D:8:      layout_basic, nicolae_qazlal_style_of_elements,
          grunt_lair_entry_orc_guard_hut, uniq_amaemon, uniq_psyche,
          uniq_joseph, uniq_maurice
D:9:      layout_roguey, nicolae_overflow_crystal_walls,
          gammafunk_temple_overflow_claw
D:10:     layout_loops_ring, uniq_fannar
D:11:     layout_long_grid, grunt_livestock, kennysheep_island_fort
Temple:   nicolae_temple_bog_church
Lair:1:   layout_loops_ring, portal_ice_cave_demonic_guard, grunt_megastairs_2
IceCv:    ice_cave_caverns_01

Skill      XL: |  1  2  3  4  5  6  7  8  9 10 11 12 |
---------------+-------------------------------------+-----
Ranged Weapons | 1 2 3 4 5 6 8 9 11 12 | 12.5
Fighting       | 1 2 3 4 6 7 8 9 |  9.7
Dodging        | 2 3 4 5 6 7 8 |  8.3
Poison Magic   | 5 6 8 9 |  9.8
Invocations    | 4 6 |  6.3
Stealth        | |  3.0
Spellcasting   | |  2.1
Transmutations | |  1.2

Action                   |  1- 3 |  4- 6 |  7- 9 | 10-12 || total
-------------------------+-------+-------+-------+-------++-------
Melee: Dagger            |     1 |       |       |       ||     1
 Fire: Longbow           |    25 |    66 |   221 |   501 ||   813
 Cast: Sting             |     5 |       |       |       ||     5
       Olgreb's Toxic Ra |       |       |     1 |    59 ||    60
 Abil: Spit Poison       |     1 |       |       |     1 ||     2
Evoke: Wand              |       |       |       |    20 ||    20
  Use: Scroll            |     3 |       |    12 |     5 ||    20
       Potion            |       |       |       |     4 ||     4
Armor: Robe              |       |     2 |    17 |    61 ||    80
       Chain mail        |       |       |   155 |   270 ||   425
       Skin              |       |       |       |    19 ||    19
Dodge: Dodged            |     3 |     6 |    64 |    75 ||   148

Table legend: (Time is in decaauts)
 A = Elapsed time spent in this place.
 B = Non-inter-level travel time spent in this place.
 C = Inter-level travel time spent in this place.
 D = Time resting spent in this place.
 E = Time spent auto-exploring this place.
 F = Levels seen in this place.
 G = Mean time per level.
                   A        B        C        D        E       F      G
               +--------+--------+--------+--------+--------+-----+--------+
         Total |  17023 |  16267 |    756 |   2623 |  11669 |  14 | 1215.9 |
       Dungeon |  15340 |  14584 |    756 |   2280 |  10695 |  11 | 1394.5 |
        Temple |    232 |    232 |      0 |      0 |    198 |   1 |  232.0 |
          Lair |     77 |     77 |      0 |      0 |      0 |   1 |   77.0 |
      Ice Cave |   1372 |   1372 |      0 |    343 |    774 |   1 | 1372.0 |
               +--------+--------+--------+--------+--------+-----+--------+

Top non-repeatable levels by time:
    D:10: 2022 daAuts
     D:5: 1929 daAuts
     D:1: 1520 daAuts
     D:9: 1479 daAuts
    D:11: 1473 daAuts
     D:6: 1434 daAuts
     D:8: 1381 daAuts
   IceCv: 1372 daAuts
     D:7: 1289 daAuts
     D:4: 1069 daAuts
     D:2: 929 daAuts
     D:3: 811 daAuts
  Temple: 232 daAuts
  Lair:1: 77 daAuts

Table legend:
 A = Kills in this place as a percentage of kills in entire the game.
 B = Kills by you in this place as a percentage of kills by you in the entire game.
 C = Kills by friends in this place as a percentage of kills by friends in the entire game.
 D = Other kills in this place as a percentage of other kills in the entire game.
 E = Experience gained in this place as a percentage of experience gained in the entire game.
 F = Experience gained in this place divided by the number of levels of this place that you have seen.
                   A       B       C       D       E      F
               +-------+-------+-------+-------+-------+----------------------
         Total | 100.0 | 100.0 | 100.0 |   N/A | 100.0 | 2221.4
       Dungeon |  84.5 |  84.5 | 100.0 |   N/A |  66.9 | 1891.5
          Lair |   0.7 |   0.7 |   0.0 |   N/A |   2.2 | 687.0
      Ice Cave |  14.8 |  14.8 |   0.0 |   N/A |  30.9 | 9606.0
               +-------+-------+-------+-------+-------+----------------------
